Map: Catalyst LE

Players

Pain - Winner!

  • Race: Terran Terran
  • Spawn Location: 11:00

A.I. 1 (Easy)

  • Race: Terran Terran
  • Spawn Location: 5:00

VOD

Have the link to the VOD?

Description

Time

  • Played on: March 7, 2018, 10:25 p.m.
  • Length: 13:07
Show
View Real Time Build Order
Export as new Build Order

Pain Terran - Winner!

Build Orders:  

Get SALT Encoding   

  12  0:19  Supply Depot  
  12  0:25  SCV  
  13  0:37  SCV  
  14  0:46  Barracks  
  14  0:54  Barracks  
  14  1:02  SCV  
  15  1:15  SCV  
  16  1:27  SCV  
  16  1:29  Refinery  
  17  1:38  Marine  
  17  1:39  SCV  
  19  2:22  SCV  
  20  2:24  Supply Depot  
  20  2:25  Marine  
  21  2:34  SCV  
  22  2:39  Supply Depot  
  22  2:43  Marine  
  23  2:46  SCV  
  24  3:01  Marine  
  25  3:20  SCV  
  25  3:23  Command Center  
  26  3:28  Refinery  
  26  3:30  Barracks Reactor  
  26  3:32  SCV, Marine  
  28  3:50  Marine  
  29  4:08  Marine  
  30  4:26  Marine  
  31  4:44  Marine  
  32  4:47  Marine x2  
  34  5:01  Marine  
  34  5:05  Marine x2  
  35  5:23  Marine x2  
  35  5:26  SCV  
  35  5:28  SCV  
  39  5:38  SCV  
  39  5:40  SCV, Marine  
  42  5:50  SCV  
  42  5:52  SCV  
  43  5:57  Engineering Bay  
  43  5:58  Bunker  
  43  6:02  SCV  
  43  6:04  SCV  
  43  6:14  SCV  
  43  6:16  SCV  
  45  6:26  SCV  
  45  6:28  SCV  
  47  6:36  Factory  
  47  6:38  SCV  
  48  6:40  SCV  
  47  6:50  SCV  
  45  6:57  Marine x3  
  47  7:02  SCV  
  48  7:14  Marine  
  48  7:15  Marine x2  
  51  7:17  Terran Infantry Weapons Level 1  
  51  7:29  Armory  
  51  7:32  Marine x2  
  51  7:33  Marine  
  54  7:48  Missile Turret  
  54  7:49  Orbital Command  
  54  7:50  Orbital Command  
  54  8:00  Supply Depot  
  54  8:21  Marine x3  
  57  8:27  Factory Tech Lab  
  57  8:39  Marine x3  
  60  8:56  Marine x2  
  62  9:08  Marine  
  63  9:11  Terran Infantry Armor Level 1  
  63  9:14  Marine x2  
  56  9:25  Siege Tank, Marine  
  60  9:32  Marine x2  
  60  9:37  Missile Turret  
  62  9:38  Terran Ship Weapons Level 1  
  62  9:43  Marine  
  63  9:50  Marine x2  
  65  9:54  Starport  
  65  9:57  Siege Tank  
  68  10:01  Marine  
  69  10:08  Marine  
  70  10:32  Starport  
  70  10:34  Marine  
  70  10:35  Marine  
  70  10:58  Supply Depot  
  70  11:19  Marine  
  70  11:20  Siege Tank, Marine x2, Medivac  
  70  11:21  Supply Depot  
  78  11:37  Marine x3  
  81  11:44  Supply Depot  
  81  11:50  Medivac  
  81  11:52  Siege Tank  
  86  11:55  Marine x3  
  89  12:13  Marine x3  
  92  12:20  Medivac  
  94  12:24  Siege Tank  
  95  12:31  Marine  
Show
View Real Time Build Order
Export as new Build Order

A.I. 1 (Easy) Terran 

Build Orders:  

Get SALT Encoding   

  12  0:00  SCV  
  13  0:13  SCV  
  14  0:18  Supply Depot  
  14  0:25  SCV  
  15  0:40  SCV  
  16  0:44  Barracks  
  16  0:47  Refinery  
  16  1:09  Supply Depot  
  16  1:20  Refinery  
  16  1:31  Marine  
  17  1:32  Orbital Command  
  17  1:49  Barracks Tech Lab  
  17  1:58  SCV  
  18  2:06  Marine  
  19  2:10  SCV  
  19  2:13  Supply Depot  
  20  2:22  SCV  
  21  2:24  Marine  
  22  2:34  SCV  
  23  2:43  Marauder  
  25  2:46  SCV  
  26  2:58  SCV  
  26  3:04  Marauder  
  29  5:10  SCV, Marine  
  29  5:12  Factory  
  29  5:13  Supply Depot  
  31  5:27  SCV, Marine  
  33  5:37  Supply Depot  
  33  5:39  SCV  
  34  5:45  Marine  
  35  5:51  SCV  
  35  5:57  Starport  
  33  6:03  Command Center  
  33  6:04  Marauder  
  31  6:25  Marauder  
  33  6:34  Starport Tech Lab  
  33  6:46  Marine  
  30  6:50  SCV  
  30  6:53  Raven  
  31  7:04  Marine  
  32  7:22  Marauder  
  34  7:36  Raven  
  36  7:38  SCV  
  36  7:41  Refinery  
  36  7:42  SCV  
  36  7:43  Marine  
  39  7:47  Refinery  
  39  7:50  SCV  
  40  7:54  SCV  
  41  8:01  Marine  
  41  8:02  SCV  
  43  8:06  SCV  
  44  8:14  SCV  
  44  8:18  SCV  
  44  8:19  Marauder  
  48  8:26  SCV  
  49  8:30  SCV  
  50  8:38  SCV  
  50  8:40  Marine  
  52  8:43  SCV  
  53  8:50  SCV  
  53  8:55  SCV  
  55  8:58  Marauder  
  57  9:03  SCV  
  57  9:07  SCV  
  59  9:15  SCV  
  60  9:19  SCV  
  60  9:21  Marine  
  61  9:27  SCV  
  63  9:31  SCV  
  63  9:33  Supply Depot  
  63  9:39  SCV  
  63  9:43  SCV  
  65  10:04  Medivac, Reaper  
  65  10:06  Engineering Bay  
  68  10:09  Supply Depot  
  68  10:34  Terran Infantry Weapons Level 1, Medivac  
  60  10:36  Marine  
  55  10:54  Marine  
  56  11:04  Raven  
  57  11:12  Marauder  
  52  11:33  Marine  
  49  11:47  Raven  
  49  11:52  Marauder  
  50  11:55  Supply Depot  
  50  11:59  SCV  
  50  12:00  Hellion  
  31  12:11  SCV, Command Center  
  31  12:13  Marauder  
  33  12:23  SCV  
  33  12:24  Hellion  
  31  12:34  Marauder  
  31  12:35  SCV  
  23  12:48  SCV  
Tags
 
Matchup
TvT
Race
Terran
Replay Pack
RP
Spawn Locations
Cross Positions
Add a new tag
Caveats
  • Supply blocks, unpowered buildings, or Contaminate may cause inaccurate times.
  • Supply counts are checked every 10 seconds.